[Event "*** Titled Tuesday Blitz"]
[Site "Chess.com"]
[Date "2020.03.03"]
[Round "7"]
[White "MishkaFighter"]
[Black "mrkvoz"]
[Result "0-1"]
[WhiteElo "2518"]
[BlackElo "2742"]
[TimeControl "180+1"]
[EndTime "10:14:57 PST"]
[Termination "mrkvoz won by checkmate"]

1. Nf3 d6 2. g3 g6 3. Bg2 Bg7 4. O-O c5 5. d4 cxd4 6. Nxd4 Qb6 7. Nb3 Nc6 8. c4 Be6 9. Nc3 Bxc4 10. Nd5 Bxd5 11.
Bxd5 Nf6 12. Be3 Qc7 13. Rc1 Nxd5 14. Qxd5 Bxb2 15. Rc2 Bg7 16. Nd4 O-O 17. Nxc6 bxc6 18. Rxc6 Qb7 19. Rfc1 Rac8 20. a4 h5 21. a5 Rxc6 22.
Qxc6 Qb2 23. Bxa7 Qxe2 24. a6 Bh6 25. Rb1 h4 26. Bb8 Qa2 27. Qb7 h3 28. a7 d5 29.
a8=Q Qc2 30. Rf1 e6 31. Qb4 Qe2 32. Qaa3 Rc8 33. Bf4 Bf8 34. Qe3 Qxe3 35. Qxf8+ Rxf8 36. Bxe3 Rc8 37. Rc1 Ra8 38. Bd4 Kh7 39. Kf1 g5 40. Ke2 Kg6 41. Kf3 Ra3+ 42. Rc3 Ra4 43. Bb6 g4+ 44. Ke2 Ra2+ 45. Kd1 Ra1+ 46. Rc1 Ra2 47. Be3 f6 48. Rc2 Ra1+ 49. Rc1 Ra2 50. Rc6 Kf5 51.
Rc2 Ra1+ 52. Rc1 Ra2 53. Ke1 e5 54. Rc6 d4 55. Bd2 Ra1+ 56. Rc1 Ra2 57. Ke2 Ke4 58. Rc6 f5 59. Rc5 Ra1 60. Rc1 Ra3 61. Rb1 Ra2 62. Rc1 Rb2 63. Rc4 Rb1 64. Rc1 Rb3 65. Rc5 Ra3 66. Rb5 Ra1 67. Rb2 d3# 0-1

[Event "*** Titled Tuesday Blitz"]
[Site "Chess.com"]
[Date "2020.03.03"]
[Round "7"]
[White "Palacios-LLera"]
[Black "Off-War"]
[Result "1/2-1/2"]
[WhiteElo "2543"]
[BlackElo "2730"]
[TimeControl "180+1"]
[EndTime "10:15:02 PST"]
[Termination "Game drawn - insufficient material"]

1. d4 Nf6 2. Nf3 e6 3. c4 c5 4.
e3 Be7 5. Nc3 O-O 6. a3 cxd4 7.
exd4 b6 8. Bd3 Bb7 9. O-O d5 10. cxd5 Nxd5 11. Qe2 Nd7 12. Rd1 Rc8 13. Bd2 N7f6 14.
Ba6 Qc7 15. Bxb7 Qxb7 16. Ne5 Rfd8 17. h3 Nxc3 18. bxc3 Nd7 19. Nf3 Bf6 20. a4 a5 21.
Rab1 Qc6 22. Rb5 Qc4 23. Qxc4 Rxc4 24. Ra1 Kf8 25. Kf1 Rdc8 26. Ke2 R4c6 27. g4 Bd8 28. h4 h6 29. g5 h5 30. Ne1 Bc7 31. Nd3 Kg8 32.
g6 fxg6 33. Rg1 Kf7 34. Rbg5 Nf8 35. Rb5 Rc4 36. Ra1 Nd7 37. f3 Bd8 38. Be1 Bc7 39.
Nf2 Nf6 40. Ne4 Nd5 41. Ng5+ Ke7 42. Kd3 Rc6 43. Bd2 Bf4 44. Re1 Rxc3+ 45. Bxc3 Rxc3+ 46. Ke4 Bd2 47. Re2 Nf6+ 48. Ke5 Rc2 49. Rxb6 Bf4+ 50. Kxf4 Rxe2 51. Rb7+ Kd6 52. Rxg7 Nd5+ 53. Kg3 Nc3 54.
Rxg6 Nxa4 55. Rh6 Nc3 56. Rxh5 a4 57. Ne4+ Nxe4+ 58. fxe4 Rxe4 59. Ra5 Rxd4 60. h5 Ke7 61. h6 Kf6 62. Ra7 Kg6 63. h7 Rd8 64. Rxa4 Kxh7 65. Kf4 Kg6 66. Ke5 Kf7 67. Ra7+ Kg6 68. Kxe6 Rd2 69.
Ke5 Re2+ 70. Kf4 Rb2 71. Ra6+ Kf7 72. Ra7+ Ke6 73. Ra6+ Kd5 74. Ra5+ Kc4 75. Re5 Rb4 76. Re4+ Kb5 77. Rxb4+ Kxb4 1/2-1/2

[Event "*** Titled Tuesday Blitz"]
[Site "Chess.com"]
[Date "2020.03.03"]
[Round "7"]
[White "Monmoransy"]
[Black "Azeryahu"]
[Result "0-1"]
[WhiteElo "2591"]
[BlackElo "2842"]
[TimeControl "180+1"]
[EndTime "10:15:04 PST"]
[Termination "Azeryahu won on time"]

1. e4 e5 2. Nf3 Nc6 3. Bb5 Nf6 4.
O-O Nxe4 5. Re1 Nd6 6. Nxe5 Be7 7. Bf1 Nf5 8. c3 Nxe5 9. Rxe5 d6 10. Re1 O-O 11. d4 d5 12. Nd2 c6 13. Nf3 Nh4 14. Nxh4 Bxh4 15. Bf4 Bg5 16. Qd2 h6 17. Bd3 Be6 18.
Bxg5 Qxg5 19. Qxg5 hxg5 20. Re5 g4 21. Rae1 Bd7 22.
Bf5 Bxf5 23. Rxf5 Rfe8 24. Kf1 Rxe1+ 25. Kxe1 Re8+ 26. Kd2 g6 27. Rf4 f5 28. f3 gxf3 29. Rxf3 Kg7 30. h3 Re4 31. b4 Kh6 32. a4 b6 33. Rf1 Kg5 34. b5 c5 35. dxc5 bxc5 36. Ra1 Kf4 37. a5 Kg3 38. b6 axb6 39. axb6 Re8 40. Ra5 Rb8 41. Rxc5 Rxb6 42. Rxd5 Kxg2 43.
h4 Rf6 44. c4 Kg3 45. c5 Kxh4 46. Ke3 Kg5 47. Rd1 Re6+ 48. Kf3 Rc6 49. Rc1 Kf6 50. Kf4 g5+ 51. Kf3 Ke5 52. Re1+ Kd5 53. Rg1 Rg6 54. Rc1 Ra6 55. Rg1 Ra3+ 56. Ke2 g4 57. Rf1 Ke4 58. Rc1 Ra2+ 59. Kf1 Ra7 60. c6 Rc7 61. Kf2 Kd5 62. Kg3 Rxc6 63. Re1 Re6 64. Rf1 Re3+ 65. Kf4 Re5 66. Rd1+ Ke6 67. Rd4 Ra5 68. Rb4 Ra6 69. Rc4 Kf6 70. Rb4 Re6 71. Rc4 Re4+ 72. Rxe4 fxe4 0-1

[Event "*** Titled Tuesday Blitz"]
[Site "Chess.com"]
[Date "2020.03.03"]
[Round "7"]
[White "suyu28"]
[Black "Vusatiuk_Vladimir"]
[Result "1-0"]
[WhiteElo "2572"]
[BlackElo "2308"]
[TimeControl "180+1"]
[EndTime "10:15:10 PST"]
[Termination "suyu28 won on time"]

1. d4 d5 2. c4 e6 3. Nc3 Nf6 4. cxd5 exd5 5. Bg5 Be7 6. e3 O-O 7. Bd3 Nbd7 8. Nge2 a5 9. O-O c6 10. f3 h6 11. Bh4 Re8 12. Bf2 Nf8 13. Kh1 b5 14.
Bg1 a4 15. a3 Ne6 16. e4 dxe4 17.
fxe4 Ng5 18. Qc2 Bg4 19. Ng3 Rc8 20. e5 Nd5 21. Nf5 Bxf5 22. Bxf5 Rc7 23. Nxd5 Qxd5 24. h4 Ne6 25. Bh7+ Kh8 26. Rxf7 Bxh4 27. Rxc7 Nxc7 28. Be4 Qf7 29. Qxc6 Ne6 30. Bf3 Bg3 31. Qe4 Nf4 32. Bh2 Bxh2 33. Kxh2 Rf8 34. d5 Qe7 35. d6 Qh4+ 36.
Kg1 Qg3 37. Kh1 Qh4+ 38. Kg1 Qg3 39. Qe3 Nh3+ 40. Kf1 Ng5 41. Qf2 Qxe5 42. Rd1 Nxf3 43. gxf3 Rd8 44. d7 Qe6 45. Qd2 Qh3+ 46. Qg2 Qxg2+ 47. Kxg2 Kg8 48. Rd4 Kf7 49. Rd5 Ke6 50. Rxb5 Rxd7 51. Rb4 Kf5 52. Rxa4 Rd2+ 53. Kg3 Rxb2 54.
Ra5+ Kg6 55. Ra6+ Kf5 56. Ra5+ Kf6 57. Ra8 Ra2 58. a4 h5 59. a5 Kg5 60. a6 Kg6 61.
Kh4 1-0

[Event "*** Titled Tuesday Blitz"]
[Site "Chess.com"]
[Date "2020.03.03"]
[Round "7"]
[White "Atakishiyev04"]
[Black "Alexander_Moskalenko"]
[Result "0-1"]
[WhiteElo "2696"]
[BlackElo "2840"]
[TimeControl "180+1"]
[EndTime "10:15:12 PST"]
[Termination "Alexander_Moskalenko won by resignation"]

1. c4 c5 2. g3 g6 3. Bg2 Nf6 4. Nf3 Bg7 5. O-O O-O 6. Nc3 Nc6 7. d3 d6 8. Qd2 a6 9. b3 Rb8 10. Bb2 b5 11. Rad1 Bd7 12. h3 e6 13. e3 Qe7 14.
Rfe1 Rfd8 15. g4 h6 16. Ba1 Be8 17. Nh2 d5 18. cxd5 exd5 19. Ne2 Rbc8 20. Nf4 c4 21. Bxf6 Bxf6 22. Nxd5 Rxd5 23. Bxd5 c3 24. Qe2 Nb4 25. Bg2 c2 26. Rc1 Bb2 27. d4 Qd6 28. Nf1 Bd7 29. Ng3 Qc7 30. Be4 Qc3 31. f3 Bxc1 32. Rxc1 Qb2 33. Qd2 a5 34. f4 Bc6 35. d5 Bxd5 36.
a3 Bxe4 37. axb4 Bb7 38. bxa5 Qxb3 39. Ne2 b4 40. Nd4 Qd5 41. a6 Qh1+ 42. Kf2 Qg2+ 43.
Ke1 Qg1+ 44. Ke2 Bxa6+ 45. Kf3 Bb7+ 46. Ke2 Qg2+ 47. Ke1 Qg3+ 48. Qf2 Qxh3 49. Kd2 Be4 50. f5 g5 51. Nxc2 b3 52. Nd4 Rxc1 53. Kxc1 Qh1+ 54.
Kb2 Qb1+ 55. Kc3 Qd3+ 56. Kb2 Qb1+ 57. Kc3 Bd5 58. Qb2 Qe1+ 59. Qd2 Qa1+ 60. Qb2 Qd1 61. Qd2 Qxg4 62. Qd3 Qe4 63. Qxe4 Bxe4 64. Nxb3 h5 65. Kd4 Bxf5 66. Ke5 Be6 67. Nd4 Kg7 68. Nf3 Kg6 69.
Nd4 Bc8 70. Ke4 Bb7+ 71. Kd3 h4 72. Ke2 h3 73. Kf2 h2 0-1

[Event "*** Titled Tuesday Blitz"]
[Site "Chess.com"]
[Date "2020.03.03"]
[Round "7"]
[White "ShahMatKanal"]
[Black "Abund"]
[Result "0-1"]
[WhiteElo "2501"]
[BlackElo "2701"]
[TimeControl "180+1"]
[EndTime "10:15:18 PST"]
[Termination "Abund won by resignation"]

1. d4 Nf6 2. c4 g6 3. Nc3 d5 4. Nf3 Bg7 5. Bg5 Ne4 6. cxd5 Nxg5 7. Nxg5 e6 8. Nf3 exd5 9. e3 O-O 10. Be2 c6 11. O-O a5 12. Rb1 Be6 13. a3 Nd7 14. Qc2 Qe7 15. Rfc1 Bf5 16. Bd3 Bg4 17. Nd2 Rfc8 18.
Be2 Be6 19. Na4 b6 20. Nf1 c5 21. dxc5 bxc5 22. Nc3 c4 23. Qd2 Nc5 24. Nxd5 Qg5 25. Nb6 Nb3 26. Qe1 Nxc1 27. Qxc1 Rab8 28. Nxc8 Rxc8 29. Ng3 h5 30. Bf3 h4 31. Ne4 Qe5 32.
Nc3 Bf5 33. e4 Be6 34. Qe3 Rb8 35. h3 Bf6 36. Be2 Bg5 37. Qa7 Bd8 38. Qe3 Bc7 39.
g3 hxg3 40. Qxg3 Qxg3+ 41. fxg3 Bxg3 42. Nd5 Be5 43. Bxc4 Bxb2 44. Ne7+ Kf8 45. Bxe6 Bd4+ 46. Kg2 Rxb1 47. Nc6 Bc3 48. Bd5 Ra1 49. Na7 Rxa3 50. Nb5 Bb4 51. Nxa3 Bxa3 52. Bc6 Bd6 53. Kf3 Ke7 54.
Ke3 Ke6 55. Be8 g5 56. Ba4 f6 57. Bb3+ Ke5 58. Ba4 Bc5+ 59. Kf3 Kd4 60. Bc6 Bd6 61. Kg4 Kc3 62. Kf5 Be5 63. Kg4 Kb3 64. h4 gxh4 65. Kxh4 a4 66. Kg4 a3 67. Bd5+ Kb2 68. Kf5 Kb1 69. Ke6 a2 70. Bxa2+ Kxa2 71. Kf5 Kb3 72. Kg4 Kb2 73. Kf3 Kc3 74. Ke3 Kc4 75. Kf3 Kc5 76.
Kg4 Kd4 77. Kf5 Ke3 78. Kg4 Kxe4 79. Kh3 f5 80. Kg2 f4 81. Kf1 f3 82. Kf2 Bd4+ 83. Kf1 Ke3 84. Kg1 Ke2+ 85. Kh1 f2 86. Kh2 Be5+ 87.
Kh3 f1=Q+ 88. Kg4 Qf4+ 89. Kh5 Qg3 0-1

[Event "*** Titled Tuesday Blitz"]
[Site "Chess.com"]
[Date "2020.03.03"]
[Round "7"]
[White "Jumbo"]
[Black "Alexander_Zubov"]
[Result "1/2-1/2"]
[WhiteElo "2752"]
[BlackElo "2905"]
[TimeControl "180+1"]
[EndTime "10:15:27 PST"]
[Termination "Game drawn - insufficient material"]

1. d4 Nf6 2. c4 g6 3. g3 Bg7 4. Bg2 O-O 5. Nf3 c5 6. d5 b5 7. cxb5 d6 8. O-O a6 9. bxa6 Qa5 10.
Nc3 Nbd7 11. Ne1 Bxa6 12. Nc2 Nb6 13. Ne3 Bb7 14. Bd2 Qa6 15. Qc2 Rfb8 16. Rfd1 Nfd7 17. b3 Qa3 18. Rdb1 Ba6 19. Qd1 Qa5 20. Qe1 Nf6 21. a4 Nbd7 22. Nc4 Qc7 23. h3 Rb7 24. Qc1 Rab8 25.
Qc2 Ne8 26. Bf1 Ne5 27. e3 Nf3+ 28. Kg2 Nxd2 29. Nxd2 Bxf1+ 30. Kxf1 Qa5 31. Rc1 Nc7 32. e4 Qa6+ 33. Kg2 Rb4 34. Rab1 e6 35. Nc4 Bd4 36. Rd1 Re8 37. Kg1 Rbb8 38. Ne2 Bg7 39. dxe6 Rxe6 40.
Nf4 Rf6 41. Nd5 Nxd5 42. Rxd5 Re6 43. Rbd1 Bd4 44. Kg2 Qb7 45. Nxd6 Qxb3 46. Qxb3 Rxb3 47. Nb5 Bf6 48. Rxc5 Rxe4 49. Nd6 Rd4 50. Rxd4 Bxd4 51. Rc8+ Kg7 52. Rc7 Be5 53. Rxf7+ Kg8 54. Rd7 Rb4 55. Ne8 Rxa4 56. Nc7 Bxc7 57. Rxc7 h5 58. Rc2 Kg7 59. h4 Rd4 60. Re2 Rc4 61. Re3 Rb4 62. Rf3 Rc4 63. Rf4 Rc3 64. f3 Rc1 65. Kh3 Rc2 66. g4 hxg4+ 67. Kxg4 Rc5 68. Re4 Kf6 69. Rd4 Re5 70.
Rf4+ Kg7 71. Ra4 Kf6 72. Ra6+ Kf7 73. Ra7+ Kf6 74. Rh7 Rb5 75. h5 gxh5+ 76. Rxh5 Rxh5 77. Kxh5 Kf5 78. Kh4 Kf4 79. Kh3 Kxf3 1/2-1/2

[Event "*** Titled Tuesday Blitz"]
[Site "Chess.com"]
[Date "2020.03.03"]
[Round "7"]
[White "bangchess21"]
[Black "northridgehawk"]
[Result "1-0"]
[WhiteElo "2584"]
[BlackElo "2214"]
[TimeControl "180+1"]
[EndTime "10:15:39 PST"]
[Termination "bangchess21 won by checkmate"]

1. d4 Nf6 2. Bf4 g6 3. Nc3 d5 4. h4 h5 5. e3 Bg7 6. Nf3 Kf8 7. Ne5 Kg8 8. Qd2 c6 9. f3 Nbd7 10. O-O-O Nf8 11. Be2 Qa5 12. Kb1 Ne6 13. Bh2 Qd8 14.
g4 hxg4 15. fxg4 Rxh4 16. Bg3 Rxh1 17. Rxh1 Ng5 18. Bd3 Nxg4 19. Nxg4 Bxg4 20. Bf4 Ne6 21. Be5 Bh5 22. Qg2 f6 23. Bxg6 Bxg6 24. Qxg6 Nf8 25. Qg4 Qd7 26. Qxd7 Nxd7 27. Bg3 Kf7 28. Kc1 Bh6 29.
Rxh6 Rg8 30. Rh7+ Ke8 31. Be1 Rg1 32. Kd2 Nb6 33. b3 Nd7 34. Ne2 Rg2 35. Bg3 Nf8 36.
Rh2 Rxh2 37. Bxh2 Kd7 38. Nc1 Ng6 39. Nd3 b6 40. a4 a5 41. Bb8 Nf8 42. Bg3 Ng6 43.
Nf4 Nf8 44. Nd3 Ne6 45. c4 dxc4 46. bxc4 Ng5 47. Bf4 Ne4+ 48. Kc2 e6 49. c5 b5 50. axb5 cxb5 51. Nc1 Kc6 52. Kd3 Nf2+ 53. Ke2 Ng4 54. Nb3 e5 55. Nxa5+ Kd5 56. c6 Kd6 57. Bg3 Kc7 58.
d5 Nh6 59. e4 Nf7 60. Bf2 Nd6 61.
Kd3 b4 62. Bc5 Ne8 63. Bxb4 f5 64. exf5 Nf6 65. Kc4 e4 66. d6+ Kb6 67. c7 Ne8 68. c8=Q Nxd6+ 69. Bxd6 e3 70. Qc6+ Kxa5 71. Qb5# 1-0

[Event "*** Titled Tuesday Blitz"]
[Site "Chess.com"]
[Date "2020.03.03"]
[Round "7"]
[White "obliviate12"]
[Black "pouya21"]
[Result "0-1"]
[WhiteElo "2852"]
[BlackElo "2771"]
[TimeControl "180+1"]
[EndTime "10:16:07 PST"]
[Termination "pouya21 won by checkmate"]

1. e4 c5 2. Nf3 d6 3. d4 cxd4 4.
Qxd4 Nf6 5. Be2 Nc6 6. Qe3 g6 7. h3 Bg7 8. O-O O-O 9. Rd1 Be6 10. Nc3 Rc8 11. a3 Qc7 12. Rb1 a6 13. Qf4 Ne5 14.
Nxe5 dxe5 15. Qg3 Nd7 16. Be3 Nb8 17. Bg4 f5 18. exf5 gxf5 19. Bxf5 Bxf5 20. Nd5 Qd6 21. Bg5 Qe6 22. Nxe7+ Kh8 23. Nxc8 Rxc8 24. Rd2 Nc6 25. Re1 Rg8 26. Qh4 h6 27. c4 Qg6 28. Be3 Kh7 29. g4 Be4 30. c5 Bf6 31. Rd7+ Rg7 32. Rxg7+ Kxg7 33. Qxh6+ Kf7 34. Qxg6+ Bxg6 35. f3 e4 36. b4 exf3 37. g5 Bc3 38. Rd1 Ne5 39. Kf2 Be4 40.
Kg3 Nd3 41. h4 Be1+ 42. Kg4 f2 43. Bxf2 Nxf2+ 44. Kf4 Nxd1 45. Kxe4 Bxh4 46. Kd5 Nc3+ 47. Kd6 Nb5+ 48. Kd7 Nxa3 49. Kc7 Nc2 50. Kxb7 Nxb4 51. c6 Bg3 52. Kb6 Kg6 53. Ka5 Bd6 54. c7 Bxc7+ 55.
Kxb4 Kxg5 56. Kc5 a5 57. Kc6 Kf5 58. Kb5 Ke5 59. Ka4 Kd5 60. Kb3 Kc5 61. Ka4 Kb6 62.
Ka3 Kb5 63. Kb3 a4+ 64. Ka2 Bb6 65. Kb2 Bc5 66. Ka2 Kb4 67. Kb2 a3+ 68. Ka2 Ka4 69. Kb1 Kb3 70. Kc1 a2 71. Kd2 a1=Q 72. Kd3 Qd4+ 73.
Ke2 Qe3+ 74. Kd1 Qf2 75. Kc1 Qc2# 0-1

[Event "*** Titled Tuesday Blitz"]
[Site "Chess.com"]
[Date "2020.03.03"]
[Round "7"]
[White "Lubov_Gordyk"]
[Black "iturrizaga"]
[Result "0-1"]
[WhiteElo "2641"]
[BlackElo "2957"]
[TimeControl "180+1"]
[EndTime "10:16:17 PST"]
[Termination "iturrizaga won by resignation"]

1. e4 c5 2. g3 g6 3. Bg2 Bg7 4.
Ne2 h5 5. h3 Nf6 6. c3 Nc6 7.
d4 cxd4 8. cxd4 d6 9. Nbc3 Bd7 10. Be3 Rc8 11. Qd2 a6 12. O-O b5 13. Rfc1 Qa5 14. f4 b4 15. Nd1 d5 16. e5 Ne4 17.
Bxe4 dxe4 18. d5 Nd8 19. Nf2 O-O 20. a3 Nb7 21. axb4 Qb5 22. Kh2 Rfd8 23. Nxe4 Rxc1 24. Rxc1 Bf5 25. Nd4 Qxd5 26. Nf2 Bd7 27. Rc7 Rc8 28.
Qc3 Rxc7 29. Qxc7 e6 30. Qc3 Bf8 31. g4 h4 32. g5 Be7 33. Ng4 Qe4 34. Nf6+ Bxf6 35.
gxf6 Kh7 36. Qe1 g5 37. Qf2 Nd8 38. fxg5 Nc6 39. Nf3 Kg8 40. g6 Nxe5 41. Nxe5 Qxe5+ 42. Kg1 Bc6 43. gxf7+ Kxf7 44. Qf4 Qxf4 45. Bxf4 Kxf6 46. Be3 Kf5 47. Bf2 Kg5 48. Bd4 Kf4 49. Bf2 Kg5 50. Bd4 Be4 51. Kh2 Bd3 52. Bc3 Bf1 53. Bd2+ Kh5 54. Bf4 Kg6 55. Be3 e5 56. Bf2 Kg5 57.
Be3+ Kh5 58. Bf2 Bc4 59. Be3 Be6 60. Bc5 Kg5 61. Be3+ Kf5 62. Bf2 Kf4 63. Bxh4 Kf3 64. Bg5 e4 65. Kg1 Bxh3 66. Bh4 e3 67. Kh2 Bd7 68. Kg1 Bb5 69. Be1 Ke2 70. Bc3 Kd3 71. Kg2 Ke2 72. Kg1 Bc6 73. Bd4 Be4 74. Bc3 Bf5 75. Bd4 Bh3 76. Bc3 Kd1 77. b5 axb5 78.
Bb4 Kc2 79. Bc3 Kd3 80. Bb4 Ke2 81.
Bc3 Bf5 82. Bb4 Bd3 83. Bc3 Kd1 84. Bb4 Kc1 85. Bc3 Kc2 86. Bb4 Kxb2 87. Bc5 e2 88. Kf2 Kc3 89. Ke1 b4 90. Be3 Kc2 91. Bd2 b3 0-1

[Event "*** Titled Tuesday Blitz"]
[Site "Chess.com"]
[Date "2020.03.03"]
[Round "7"]
[White "GMKrikor"]
[Black "Misha_Bilous"]
[Result "0-1"]
[WhiteElo "2803"]
[BlackElo "2502"]
[TimeControl "180+1"]
[EndTime "10:16:36 PST"]
[Termination "Misha_Bilous won by resignation"]

1. Nf3 Nf6 2. c4 g6 3. Nc3 Bg7 4. e4 d6 5. d4 O-O 6. h3 e5 7.
d5 a5 8. Be3 Na6 9. g4 Nd7 10. a3 Nb6 11. Be2 Nc5 12. Nd2 Bd7 13. h4 Nba4 14. Nxa4 Nxa4 15. Qc2 c6 16. h5 cxd5 17.
cxd5 Rc8 18. Qb3 Bf6 19. hxg6 fxg6 20. Nf3 Nc5 21. Bxc5 Rxc5 22. Qxb7 Rc7 23. Qa6 Bxg4 24. Nd2 Bxe2 25. Qxe2 Rc2 26. Qd3 Qc7 27. Rd1 Rxb2 28. Nc4 Rb7 29. Ne3 Bg5 30. Ng4 Rb2 31. O-O Qd7 32.
Qh3 Qf7 33. Rd3 h5 34. Nh2 Bf4 35. Kh1 Bxh2 36. Qxh2 Rxf2 37. Rxf2 Qxf2 38. Qxf2 Rxf2 39. Rc3 Re2 40. Rc6 Rxe4 41. Rxd6 Ra4 42. Rxg6+ Kf7 43. Rg5 Kf6 44. Rxh5 Rxa3 45. Kg2 Rd3 46. Rh6+ Kf5 47. Ra6 Rxd5 48. Kf3 Rd3+ 49. Ke2 Ra3 50. Rh6 Ke4 51. Rh4+ Kd5 52. Rh8 Kd4 53. Rd8+ Ke4 54. Rh8 Ra2+ 55. Kd1 Kd3 56. Rh3+ Kd4 57. Rh8 e4 58. Rh3 e3 59.
Rh8 a4 60. Rd8+ Ke4 61. Re8+ Kd3 62. Rd8+ Kc3 63. Rc8+ Kb3 64. Rb8+ Ka3 65. Re8 e2+ 66. Ke1 Rb2 67. Ra8 Rc2 68. Ra7 Ra2 69. Rb7 Rb2 70. Ra7 Kb3 71. Rb7+ Kc3 72. Ra7 Ra2 73.
Rc7+ Kb4 74. Rb7+ Kc4 75. Rc7+ Kb3 76. Rb7+ Ka3 77. Ra7 Ra1+ 78. Kxe2 Kb2 79. Kd2 a3 80. Rb7+ Ka2 81. Kc2 Rh1 82. Rf7 Rh2+ 83. Kc1 Ka1 84.
Ra7 a2 85. Ra8 Rh1+ 86. Kc2 Rb1 87. Ra7 Rb2+ 88. Kc1 Rb5 89. Ra4 Rc5+ 90. Kd2 Kb2 91. Rb4+ Ka3 92. Rb8 Ra5 93. Kc2 a1=Q 94. Rb3+ Ka4 95.
Rd3 Qa2+ 96. Kc3 Rc5+ 97. Kd4 Qc4+ 98. Ke3 Re5+ 99. Kd2 Rd5 100. Rd4 Rxd4+ 101. Ke1 Qc2 0-1

[Event "*** Titled Tuesday Blitz"]
[Site "Chess.com"]
[Date "2020.03.03"]
[Round "7"]
[White "AtabayevSaparmyrat"]
[Black "vugarrasulov"]
[Result "1-0"]
[WhiteElo "2801"]
[BlackElo "2888"]
[TimeControl "180+1"]
[EndTime "10:16:41 PST"]
[Termination "AtabayevSaparmyrat won on time"]

1. e4 e5 2. Nf3 Nc6 3. Bb5 a6 4. Bxc6 dxc6 5. Nc3 f6 6. d4 exd4 7. Nxd4 c5 8. Nde2 Qxd1+ 9. Nxd1 Bd7 10. Bf4 O-O-O 11. Ne3 Ne7 12. O-O-O Bc6 13. Rxd8+ Kxd8 14. Rd1+ Kc8 15. Nc3 b6 16. Bg3 g6 17. Ncd5 Nxd5 18. Nxd5 Bh6+ 19. Kb1 Bxd5 20. Rxd5 Re8 21. f3 c4 22. c3 Bf8 23. Kc2 Bc5 24. h4 Re7 25. Rd2 Kb7 26. Rd8 Kc6 27. Kd2 f5 28. e5 b5 29. f4 a5 30. Ke2 b4 31. Bf2 bxc3 32. bxc3 Bxf2 33. Kxf2 Kb5 34. Ke3 c5 35. Kd2 Ka4 36.
Kc2 Ka3 37. Rc8 Rb7 38. Rxc5 Rb2+ 39. Kd1 a4 40. e6 Rb6 41. e7 Rb8 42. Rxc4 Re8 43.
Rc7 Kxa2 44. Kc2 Ka3 45. Rb7 Rc8 46. Rd7 Re8 47. g3 h5 48. Ra7 Rc8 49. Kd3 Re8 50.
c4 Kb4 51. Kd4 a3 52. Rb7+ Ka4 53. Kc3 Ka5 54. Kb3 Ka6 55. Rd7 Kb6 56. Kxa3 Kc6 57.
Ra7 Kb6 58. Rd7 Kc6 59. Rd3 Rxe7 60. Kb4 Re1 61. Ra3 Rb1+ 62. Kc3 Rc1+ 63. Kd4 Rd1+ 64. Ke5 Kc5 65. Kf6 Rd6+ 66. Ke7 Rb6 67. Re3 Kxc4 68. Re6 Rb7+ 69. Kf6 Rb3 70. Kxg6 Rxg3+ 71. Kxf5 Kd5 72. Rh6 Rg1 73. Rxh5 Kd6 74. Rh8 Ke7 75. h5 Kf7 76. Rh7+ Kg8 77. Rb7 Rg2 78. Kf6 Rg1 79.
f5 Rg2 80. Rd7 Kh8 81. Ke6 Re2+ 82. Kf7 Kh7 83. f6 Re1 84. Re7 Rf1 85. Ke8+ Kh6 86. f7 1-0

[Event "*** Titled Tuesday Blitz"]
[Site "Chess.com"]
[Date "2020.03.03"]
[Round "8"]
[White "Andrew-FB00"]
[Black "ahachess"]
[Result "0-1"]
[WhiteElo "1857"]
[BlackElo "2181"]
[TimeControl "180+1"]
[EndTime "10:24:19 PST"]
[Termination "ahachess won by resignation"]

1. e4 c5 2. Nf3 d6 3. Bb5+ Bd7 4. Bxd7+ Nxd7 5. O-O Ngf6 6. Re1 g6 7. c3 Bg7 8. d4 O-O 9. Bg5 cxd4 10. cxd4 Qb6 11. Qd2 e5 12. dxe5 Nxe5 13. Nxe5 dxe5 14. Nc3 Qb4 15. Bxf6 Bxf6 16. Nd5 Qxd2 0-1

[Event "*** Titled Tuesday Blitz"]
[Site "Chess.com"]
[Date "2020.03.03"]
[Round "8"]
[White "shanemelaughcm"]
[Black "LarissaSteenbekkers"]
[Result "1-0"]
[WhiteElo "2252"]
[BlackElo "1845"]
[TimeControl "180+1"]
[EndTime "10:25:16 PST"]
[Termination "shanemelaughcm won by resignation"]

1. e4 e6 2. d4 d5 3. Nd2 Nf6 4.
e5 Nfd7 5. Bd3 c5 6. c3 Nc6 7. Ngf3 g6 8. O-O Bg7 9. h4 h6 10. Re1 O-O 11. Nf1 cxd4 12. cxd4 Nxd4 13. Nxd4 Qxh4 14.
Nf3 Qh5 15. Bf4 g5 16. Bg3 g4 17. N3h2 Nxe5 18. Bxe5 Bxe5 19. Qxg4+ Qxg4 20. Nxg4 Bxb2 21. Rab1 Bg7 22. Ng3 b6 23. Nh5 Bd7 1-0

[Event "*** Titled Tuesday Blitz"]
[Site "Chess.com"]
[Date "2020.03.03"]
[Round "8"]
[White "KacperPolOK"]
[Black "saraswathii"]
[Result "1-0"]
[WhiteElo "2400"]
[BlackElo "2219"]
[TimeControl "180+1"]
[EndTime "10:25:48 PST"]
[Termination "KacperPolOK won by resignation"]

1. e4 c5 2. Nc3 e6 3. Nf3 Nc6 4. d4 cxd4 5. Nxd4 Nf6 6. Ndb5 Bb4 7. Nd6+ Ke7 8. Nxc8+ Rxc8 9. Bd3 d5 10. O-O d4 11.
Ne2 e5 12. f4 Re8 13. Ng3 Kf8 14. f5 Bc5 15. Nh5 Nxh5 16. Qxh5 Kg8 17. f6 g6 18. Qh4 Nb4 19. Bh6 Nxd3 20. cxd3 Bf8 21. Rf3 1-0

[Event "*** Titled Tuesday Blitz"]
[Site "Chess.com"]
[Date "2020.03.03"]
[Round "8"]
[White "isla88"]
[Black "PotapovaM"]
[Result "0-1"]
[WhiteElo "2309"]
[BlackElo "2563"]
[TimeControl "180+1"]
[EndTime "10:25:58 PST"]
[Termination "PotapovaM won by checkmate"]

1. c4 Nf6 2. Nc3 e6 3. e4 d5 4. e5 d4 5. exf6 dxc3 6. bxc3 Qxf6 7. d4 b6 8. Nf3 h6 9. Bd3 Bb7 10. Qe2 Nd7 11. Be4 Bxe4 12. Qxe4 Rd8 13. O-O Bd6 14. Re1 O-O 15. a4 a5 16. Bd2 Rfe8 17. Ne5 Bxe5 18.
dxe5 Nxe5 19. Bf4 Nd3 20. Bxc7 Qxf2+ 21. Kh1 Nxe1 22. Bxd8 Qf1# 0-1

[Event "*** Titled Tuesday Blitz"]
[Site "Chess.com"]
[Date "2020.03.03"]
[Round "8"]
[White "Vaathi_Coming"]
[Black "giantslayer83"]
[Result "1-0"]
[WhiteElo "2840"]
[BlackElo "2653"]
[TimeControl "180+1"]
[EndTime "10:25:59 PST"]
[Termination "Vaathi_Coming won by resignation"]

1. e4 e5 2. Nf3 Nc6 3. d4 exd4 4. Nxd4 Bc5 5. Nb3 Bb6 6. Nc3 Nf6 7. Bg5 O-O 8. Qf3 Nd4 9. Nxd4 Bxd4 10. Nd5 c6 11. Nxf6+ Bxf6 12. Bxf6 Qxf6 13. Qxf6 gxf6 14. O-O-O Re8 15.
f3 f5 16. exf5 d5 17. g4 Bd7 18. Kd2 Kg7 19. Bd3 Kf6 20. f4 h6 21. h4 c5 22. g5+ Kg7 23. f6+ Kh8 24. c3 c4 25.
Bc2 Bg4 26. Rde1 h5 27. Rxe8+ Rxe8 28. Re1 Re6 29. Rxe6 fxe6 30. Ke3 b5 31. Kd4 a5 32.
a3 Kg8 33. Ke5 b4 34. axb4 axb4 35. cxb4 1-0

[Event "*** Titled Tuesday Blitz"]
[Site "Chess.com"]
[Date "2020.03.03"]
[Round "8"]
[White "Eliclax"]
[Black "ArlanCabe"]
[Result "0-1"]
[WhiteElo "1913"]
[BlackElo "2353"]
[TimeControl "180+1"]
[EndTime "10:26:00 PST"]
[Termination "ArlanCabe won by resignation"]

1. d4 Nf6 2. c4 g6 3. Nc3 Bg7 4. e4 d6 5. Nf3 O-O 6. Be2 c5 7. dxc5 dxc5 8. Qxd8 Rxd8 9. Bg5 Be6 10.
O-O h6 11. Bh4 g5 12. Bg3 Nc6 13. a3 Nh5 14. Bc7 Rd7 15. Bg3 Nxg3 16. hxg3 g4 17. Nh2 Rd2 18. Rab1 Bxc3 19. bxc3 Rxe2 20. Rxb7 Bxc4 21. Nxg4 Rxe4 22. f3 Rxg4 23. fxg4 Bxf1 24. Kxf1 Rc8 25. Ke2 Kf8 26. Ke3 Ne5 27. Rxa7 Nxg4+ 28. Kf4 Nf6 29. a4 Nd5+ 30. Ke5 Nxc3 31. a5 c4 32. a6 Na4 33. Rb7 Nc5 34. Rb6 Nd7+ 0-1

[Event "*** Titled Tuesday Blitz"]
[Site "Chess.com"]
[Date "2020.03.03"]
[Round "8"]
[White "vugarrasulov"]
[Black "EugeneRougon"]
[Result "1-0"]
[WhiteElo "2892"]
[BlackElo "2701"]
[TimeControl "180+1"]
[EndTime "10:26:09 PST"]
[Termination "vugarrasulov won by resignation"]

1. e4 e6 2. d4 d5 3. Nd2 Be7 4. g3 Nf6 5. e5 Nfd7 6. f4 c5 7. c3 Nc6 8. Ndf3 O-O 9. Kf2 f6 10. Kg2 cxd4 11. cxd4 fxe5 12. fxe5 Nb6 13. Bd3 Bd7 14.
Ne2 Be8 15. Nf4 Bf7 16. h4 Rc8 17. a3 h6 18. b3 g5 19. hxg5 hxg5 20. Rh8+ Kg7 21.
Rh7+ Kg8 22. Qh1 1-0

[Event "*** Titled Tuesday Blitz"]
[Site "Chess.com"]
[Date "2020.03.03"]
[Round "8"]
[White "platy3"]
[Black "Gabix_94"]
[Result "0-1"]
[WhiteElo "2850"]
[BlackElo "2714"]
[TimeControl "180+1"]
[EndTime "10:26:34 PST"]
[Termination "Gabix_94 won by resignation"]

1. e4 e5 2. Nf3 Nc6 3. Bb5 a6 4. Ba4 d6 5. d4 b5 6. Bb3 Nxd4 7.
Nxd4 exd4 8. Qh5 Qd7 9. c3 Nf6 10. Qe2 dxc3 11. Nxc3 Be7 12. O-O O-O 13. Bg5 h6 14.
Bh4 Ng4 15. Bg3 Bb7 16. Rfd1 Rae8 17. h3 Nf6 18. e5 Bd8 19. Qd3 Qc6 20. Nd5 Nxd5 21.
Bxd5 Qxd5 22. Qxd5 Bxd5 23. Rxd5 dxe5 24. Rxe5 Rxe5 25. Bxe5 Re8 26. Bf4 c5 27. Rd1 Bf6 28. b3 Re2 29. Be3 c4 30. bxc4 bxc4 31. a4 c3 32. Rd7 0-1